Get step-by-step instructions on how to execute this build order below. Start the game timer, and the build order will tick by so you can play in parallel with StarCraft on a second screen or mobile device.

Game Time

  0:00

Last Step

  N/A

Next Step

Upcoming Step



Don't want to look back and forth between 2 screens? Try out our Overwolf App, the Spawning Tool Build Advisor to get an in-game overlay with this build!

Complete Build Order

  12  0:00  SCV  
  13  0:12  SCV  
  14  0:18  Supply Depot  
  14  0:26  Refinery  
  14  0:41  Barracks  
  14  0:50  Refinery  
  14  1:32  Factory  
  14  1:35  Barracks Tech Lab  
  14  1:46  SCV  
  15  2:04  Reaper  
  15  2:05  SCV  
  17  2:25  Siege Tank